 Dungeon Crawl Stone Soup version 0.29-a0-892-g2c4c91d9db (webtiles) character file.

Game seed: 16567635215941120009

112 Sabo the Digger (level 4, -1/24 HPs)
             Began as a Gargoyle Earth Elementalist on July 23, 2022.
             Was an Initiate of Gozag.
             Slain by a lemure (6 damage)
             ... led by Pikel
             ... on level 4 of the Dungeon.
             The game lasted 00:16:13 (3245 turns).

Sabo the Digger (Gargoyle Earth Elementalist)       Turns: 3245, Time: 00:16:16

Health: -1/24      AC:  5    Str: 11    XL:     4   Next: 95%
Magic:  4/9        EV: 12    Int: 18    God:    Gozag
Gold:   274        SH:  0    Dex: 10    Spells: 8/9 levels left

rFire   . . .      SeeInvis .   o - +0 short sword "Xusar" {vorpal, rPois rCorr}
rCold   . . .      Faith    .   (no shield)
rNeg    + . .      Spirit   .   a - +0 robe
rPois   ∞          Reflect  .   (no helmet)
rElec   +          Harm     .   (no cloak)
rCorr   +          Rampage  .   (no gloves)
Will    .....                   (no boots)
Stlth   ++........              (no amulet)
HPRegen 0.08/turn               (no ring)
MPRegen 0.11/turn               (no ring)

@: no status effects
A: sickness immunity, AC +3, negative energy resistance 1, electricity
resistance, torment resistance 1, petrification resistance
a: Renounce Religion, Potion Petition, Call Merchant, Bribe Branch


You were on level 4 of the Dungeon.
You worshipped Gozag.
Gozag was aware of your devotion.
You visited 1 branch of the dungeon, and saw 3 of its levels.

You collected 274 gold pieces.

Inventory:

Hand Weapons
 o - the +0 short sword "Xusar" (weapon) {vorpal, rPois rCorr}
   (You found it on level 2 of the Dungeon)

   It inflicts extra damage upon your enemies.
   rPois:     It protects you from poison.
   rCorr:     It protects you from acid and corrosion.
Missiles
 j - 2 poisoned darts (quivered)
 p - 5 atropa-tipped darts
Armour
 a - a +0 robe (worn)
 n - the +2 ring mail of Valour {rPois Str+4}
   (You found it on level 2 of the Dungeon)

   Str:       It affects your strength (+4).
   rPois:     It protects you from poison.
Scrolls
 d - 2 scrolls of identify {unknown}
 g - a scroll of silence {unknown}
 h - a scroll of enchant weapon {unknown}
 i - a scroll of fear {unknown}
 k - a scroll of enchant armour {unknown}
 l - 2 scrolls of teleportation {unknown}
 q - a scroll of fog {unknown}
Potions
 b - a potion of magic
 c - 2 potions of attraction {unknown}
 e - a potion of lignification {unknown}
 f - 2 potions of flight {unknown}
 m - a potion of heal wounds {unknown}


   Skills:
 + Level 1.8 Dodging
 + Level 2.4 Stealth
 + Level 3.3 Spellcasting
 + Level 0.7 Transmutations
 + Level 5.1 Earth Magic


You had 8 spell levels left.
You knew the following spells:

 Your Spells              Type           Power      Damage    Failure   Level
a - Sandblast             Erth           42%        2d11      1%          1

Your spell library contained the following spells:

 Spells                   Type           Power      Damage    Failure   Level
 Passwall                 Tmut/Erth      10%        N/A       7%          2
 Stone Arrow              Conj/Erth      24%        3d8       17%         3
 Petrify                  Tmut/Erth      13%        N/A       43%         4


Dungeon Overview and Level Annotations

Branches:
Dungeon (2/15)

Altars:
Gozag
Makhleb

Annotations:
D:4 Pikel


Innate Abilities, Weirdness & Mutations

You are immune to sickness and miasma.
Your stone body is resilient. (AC +3)
You are immune to poison.
You resist negative energy. (rN+)
You are resistant to electric shocks. (rElec)
You are resistant to unholy torment.
You are immune to petrification.


Message History

The lemure is moderately wounded.
The lemure barely misses you. x2
Casting: Sandblast (safe; 1% risk of failure)
Confirm with . or Enter, or press ? or * to list all spells.
Aiming: Sandblast (safe; 1% risk of failure)
Press: ? - help, Shift-Dir - straight line, f/p - lemure
Aim: a lemure (moderately wounded, 76% to hit)
The blast of sand hits the lemure!
The lemure is heavily wounded.
The lemure hits you. The lemure hits you but does no damage.
Casting: Sandblast (safe; 1% risk of failure)
Confirm with . or Enter, or press ? or * to list all spells.
Aiming: Sandblast (safe; 1% risk of failure)
Press: ? - help, Shift-Dir - straight line, f/p - lemure
Aim: a lemure (heavily wounded, 76% to hit)
The blast of sand hits the lemure!
The lemure is severely wounded.
The lemure hits you. The lemure closely misses you.
Your magical contamination has completely faded away.
Casting: Sandblast (safe; 1% risk of failure)
Confirm with . or Enter, or press ? or * to list all spells.
Aiming: Sandblast (safe; 1% risk of failure)
Press: ? - help, Shift-Dir - straight line, f/p - lemure
Aim: a lemure (severely wounded, 76% to hit)
The blast of sand hits the lemure but does no damage.
The lemure is severely wounded.
The lemure hits you.
* * * LOW HITPOINT WARNING * * *
The lemure closely misses you.
Unknown command.
Casting: Sandblast (safe; 1% risk of failure)
Confirm with . or Enter, or press ? or * to list all spells.
Aiming: Sandblast (safe; 1% risk of failure)
Press: ? - help, Shift-Dir - straight line, f/p - lemure
Aim: a lemure (severely wounded, 76% to hit)
The blast of sand hits the lemure.
The lemure is severely wounded.
The lemure hits you.
You die...
Your body crumbles into a pile of gold.

#.......#
#.#######
#.# #.#
#K##.#
#.##.#
#5##.#
#.##.#
#5##@#
#$##5#
#.##.#
#....#
######


You could see a lemure.

Vanquished Creatures
  4 gnolls
  3 adders (D:2)
  A worm (D:2)
  A dart slug (D:1)
  4 bats
  3 endoplasms
  3 giant cockroaches (D:2)
  3 goblins (D:1)
  3 hobgoblins (D:1)
  4 jackals (D:1)
  2 quokkas
  A frilled lizard (D:1)
  6 kobolds
  4 rats
42 creatures vanquished.

Notes
Turn   | Place    | Note
-------+----------+-------------------------------------------
     0 | D:1      | Sabo the Gargoyle Earth Elementalist began the quest for
                  | the Orb.
     0 | D:1      | Reached XP level 1. HP: 10/10 MP: 3/3
   131 | D:1      | Found a faded altar of an unknown god.
   154 | D:1      | Prayed at the altar of an unknown god.
   154 | D:1      | Became a worshipper of Gozag Ym Sagoz the Greedy
   230 | D:1      | Reached XP level 2. HP: 15/15 MP: 3/5
   371 | D:1      | Reached skill level 4 in Earth Magic
  1201 | D:1      | Reached XP level 3. HP: 19/19 MP: 4/6
  1494 | D:2      | Found a burning altar of Makhleb.
  1980 | D:2      | Reached XP level 4. HP: 24/24 MP: 5/8
  2178 | D:2      | Identified the +2 ring mail of Valour {rPois Str+4}
  2204 | D:2      | Identified the +0 short sword "Xusar" {vorpal, rPois rCorr}
  2606 | D:2      | Reached skill level 5 in Earth Magic
  3191 | D:2      | You fall into a shaft and drop 2 floors!
  3230 | D:4      | Noticed a lemure
  3230 | D:4      | Noticed a lemure
  3234 | D:4      | Noticed Pikel
  3245 | D:4      | Slain by a lemure

Illustrated notes

Levels and vault maps discovered:
D:1:      minmay_arrival_pointy, layout_basic,
          hellmonk_ecumenical_altar_arch_garden
D:2:      layout_basic, basic_altar
D:4:      layout_basic, mainiacjoe_overflow_boulevard, uniq_crazy_yiuf_cottage,
          uniq_ijyb, uniq_pikel

Skill      XL: |  1  2  3  4 |
---------------+-------------+-----
Earth Magic    | 4 5 |  5.1
Spellcasting   | 3 |  3.3
Dodging        | |  1.8
Stealth        | |  2.4
Transmutations | |  0.7

Action                   |  1- 3 |  4- 6 || total
-------------------------+-------+-------++-------
Melee: Short sword       |     4 |    11 ||    15
       Unarmed           |     1 |       ||     1
 Cast: Sandblast         |    36 |    28 ||    64
 Stab: Distracted        |       |     1 ||     1
Armor: Robe              |     6 |     6 ||    12
Dodge: Dodged            |    15 |    13 ||    28

Table legend: (Time is in decaauts)
 A = Elapsed time spent in this place.
 B = Non-inter-level travel time spent in this place.
 C = Inter-level travel time spent in this place.
 D = Time resting spent in this place.
 E = Time spent auto-exploring this place.
 F = Levels seen in this place.
 G = Mean time per level.
                   A        B        C        D        E       F      G
               +--------+--------+--------+--------+--------+-----+--------+
         Total |   3311 |   3311 |      0 |   1021 |      0 |   3 | 1103.7 |
       Dungeon |   3311 |   3311 |      0 |   1021 |      0 |   3 | 1103.7 |
               +--------+--------+--------+--------+--------+-----+--------+

Top non-repeatable levels by time:
     D:1: 1828 daAuts
     D:2: 1424 daAuts
     D:4: 58 daAuts
